 Dungeon Crawl Stone Soup version 0.27.1 (webtiles) character file.

Game seed: 2736628980766176812

7 Destapler the Skirmisher (level 2, 0/19 HPs)
             Began as a Gargoyle Monk on Aug 29, 2021.
             Slain by a kobold (1 damage)
             ... on level 1 of the Dungeon.
             The game lasted 00:00:13 (225 turns).

Destapler the Skirmisher (Gargoyle Monk)             Turns: 225, Time: 00:00:13

Health: 0/19       AC:  4    Str: 14    XL:     2   Next: 0%
Magic:  2/2        EV: 12    Int: 10    God:
Gold:   0          SH:  0    Dex: 12    Spells: 1/1 levels left

rFire    . . .     SeeInvis .   a - +0 mace
rCold    . . .     Faith    .   (no shield)
rNeg     + . .     Spirit   .   b - +0 robe
rPois    ∞         Reflect  .   (no helmet)
rElec    +         Harm     .   (no cloak)
rCorr    .         Rampage  .   (no gloves)
Will     .....                  (no boots)
Stlth    ++........             (no amulet)
HPRegen  0.06/turn              (no ring)
MPRegen  0.08/turn              (no ring)

@: no status effects
A: sickness immunity, AC +2, negative energy resistance 1, electricity
resistance, torment resistance 1, petrification resistance
a: no special abilities


You were on level 1 of the Dungeon.
You visited 1 branch of the dungeon, and saw 1 of its levels.

Inventory:

Hand Weapons
 a - a +0 mace (weapon)
Armour
 b - a +0 robe (worn)
Potions
 c - a potion of haste {unknown}
 d - a potion of lignification {unknown}


   Skills:
 + Level 3.4 Fighting
 + Level 3.1 Maces & Flails
 + Level 2.5 Dodging
 + Level 2.4 Stealth


You had one spell level left.
You didn't know any spells.
Your spell library was empty.

Dungeon Overview and Level Annotations

Branches:
Dungeon (1/15)

Altars:


Innate Abilities, Weirdness & Mutations

You are immune to sickness and miasma.
Your stone body is resilient. (AC +2)
You are immune to poison.
You resist negative energy. (rN+)
You are resistant to electric shocks. (rElec)
You are resistant to unholy torment.
You are immune to petrification.


Message History

You thump the endoplasm!
You kill the endoplasm!
You closely miss the kobold. The kobold hits you with a +0 club.
The quokka bites you but does no damage.
You closely miss the quokka. The kobold hits you with a +0 club.
The quokka completely misses you.
You hit the quokka.
The quokka is moderately wounded.
The quokka misses you. The kobold hits you with a +0 club.
The kobold misses you. The quokka barely misses you.
You miss the quokka.
The quokka is moderately wounded.
The kobold barely misses you. The kobold hits you with a +0 dagger.
* * * LOW HITPOINT WARNING * * *
A rat comes into view.
The quokka bites you.
* * * LOW HITPOINT WARNING * * *
The kobold barely misses you.
You hit the kobold.
You kill the kobold!
The quokka bites you.
* * * LOW HITPOINT WARNING * * *
You hit the quokka but do no damage.
The quokka is moderately wounded.
The quokka bites you.
* * * LOW HITPOINT WARNING * * *
You are too injured to fight recklessly!
You are too injured to fight recklessly!
You are too injured to fight recklessly!
You are too injured to fight recklessly!
You closely miss the quokka.
The quokka is moderately wounded.
The quokka closely misses you. x2
You sock the quokka!
You kill the quokka!
You have reached level 2!
You hit the kobold.
The kobold is moderately wounded.
The kobold hits you with a +0 club.
You die...

.##. # ... .. ..r #. ##..
#..###..# #.......# #.....r.# .#
#.. #K## #.# ###..#)@### #.#
...........# #.#
.......##.........###.#
.......##.........#...#
#............##......# .
.##............##......# ...
.......................####.....
................................
(........>........##....###.....


You could see a kobold and a rat.

Vanquished Creatures
  An endoplasm (D:1)
  2 quokkas (D:1)
  A bat (D:1)
  A frilled lizard (D:1)
  A kobold (D:1)
  A rat (D:1)
7 creatures vanquished.

Notes
Turn   | Place    | Note
-------+----------+-------------------------------------------
     0 | D:1      | Destapler the Gargoyle Monk began the quest for the Orb.
     0 | D:1      | Reached XP level 1. HP: 14/14 MP: 1/1
   225 | D:1      | Reached XP level 2. HP: 1/19 MP: 2/2
   225 | D:1      | Slain by a kobold

Illustrated notes

Levels and vault maps discovered:
D:1:      dpeg_arrival_stonehenge_8_columns, layout_basic, serial_shops, shop,
          minmay_bisected

Action                   || total
-------------------------++-------
Melee: Mace              ||    20
 Stab: Sleeping          ||     1
Armor: Robe              ||     3
Dodge: Dodged            ||    13
